 Dungeon Crawl Stone Soup version 0.28-b1-38-gff268fdeb9 (webtiles) character file.

Game seed: 9055302221614325510

5 EWolf27 the Sneak (level 1, -1/13 HPs)
             Began as a Vampire Enchanter on Feb 3, 2022.
             Slain by a quokka (5 damage)
             ... on level 1 of the Dungeon.
             The game lasted 00:02:39 (181 turns).

EWolf27 the Sneak (Vampire Enchanter)                Turns: 181, Time: 00:02:40

Health: -1/13      AC:  2    Str:  7    XL:     1   Next: 66%
Magic:  3/3        EV: 12    Int: 17    God:
Gold:   0          SH:  3    Dex: 14    Spells: 4/4 levels left

rFire   . . .      SeeInvis +   a - +1 dagger
rCold   . . .      Faith    .   e - +0 buckler
rNeg    . . .      Spirit   .   b - +0 robe
rPois   .          Reflect  .   (no helmet)
rElec   .          Harm     .   (no cloak)
rCorr   .          Rampage  .   (no gloves)
Will    .....                   (no boots)
Stlth   +++.......              (no amulet)
HPRegen 0.24/turn               (no ring)
MPRegen 0.08/turn               (no ring)

@: healing quickly
A: alive, fangs 3, see invisible, vampiric 1
a: Exsanguinate


You were on level 1 of the Dungeon.
You visited 1 branch of the dungeon, and saw 1 of its levels.

Inventory:

Hand Weapons
 a - a +1 dagger (weapon)
Armour
 b - a +0 robe (worn)
 e - a +0 buckler (worn)
Potions
 c - a potion of invisibility


   Skills:
 + Level 1.1 Short Blades
 - Level 2.1 Dodging
 + Level 4.8 Stealth
 + Level 2.0 Spellcasting
 + Level 4.6 Hexes


You had 4 spell levels left.
You didn't know any spells.
Your spell library contained the following spells:

 Spells                   Type           Power      Damage    Failure   Level
 Confusing Touch          Hex            17%        N/A       12%         3
 Tukima's Dance           Hex            17%        N/A       12%         3
 Ensorcelled Hibernation  Hex/Ice        18%        N/A       16%         2
 Dazzling Flash           Conj/Hex       18%        N/A       30%         3


Dungeon Overview and Level Annotations

Branches:
Dungeon (1/15)

Altars:


Innate Abilities, Weirdness & Mutations

Your natural rate of healing is accelerated.
You have razor-sharp teeth.
You have supernaturally acute eyesight. (SInv)
You are afflicted with vampirism.


Message History

You miss the quokka. The quokka closely misses you.
You barely miss the quokka. The quokka closely misses you. x2
You closely miss the quokka. The quokka bites you.
You closely miss the quokka. You block the quokka's attack.
You barely miss the quokka. The quokka bites you.
The quokka closely misses you.
A frilled lizard comes into view.
The quokka closely misses you.
A bat comes into view.
The quokka bites you. The quokka bites you.
You see here a poisoned dart.
You see here a poisoned dart.
You block the quokka's attack.
You hit the quokka.
The quokka is moderately wounded.
The quokka bites you.
You hit the quokka.
The quokka is severely wounded.
The quokka barely misses you.
You barely miss the quokka.
The quokka is severely wounded.
The quokka closely misses you.
You hit the quokka but do no damage. You bite the quokka, but do no damage.
The quokka is severely wounded.
The quokka closely misses you.
You hit the quokka but do no damage.
The quokka is severely wounded.
You block the quokka's attack. The quokka closely misses you.
You hit the quokka but do no damage.
The quokka is heavily wounded.
The quokka bites you.
* * * LOW HITPOINT WARNING * * *
The quokka bites you but does no damage.
The quokka bites you.
* * * LOW HITPOINT WARNING * * *
Things that are here:
a +0 dagger; a goblin corpse; a hobgoblin corpse The quokka bites you.
You die...

#####...... ≈≈≈≈≈≈≈≈.≈.. ....
#......(#. ..≈≈.≈.≈.# ...
##........ .≈.≈..≈# #.#
.........#########.##.##### #.#
#.....#........(.((......###.☼
#.......########..............
.......#....## ##........##...
##.....####..##############..##
#..... ##.r@...............#
#..... ######...#########.#
....... .....### #.. #######
###### ###


You could see a quokka.

Vanquished Creatures
  A goblin (D:1)
  2 hobgoblins (D:1)
  2 frilled lizards (D:1)
5 creatures vanquished.

Notes
Turn   | Place    | Note
-------+----------+-------------------------------------------
     0 | D:1      | EWolf27 the Vampire Enchanter began the quest for the Orb.
     0 | D:1      | Reached XP level 1. HP: 13/13 MP: 3/3
   181 | D:1      | Slain by a quokka

Illustrated notes

Levels and vault maps discovered:
D:1:      heliophobic_arrival_enchanted_forest, layout_rooms,
          chequers_ecumenical_altar_island, minmay_misc_feat_rugged

Action                   || total
-------------------------++-------
Melee: Dagger            ||    26
       Bite              ||     3
Throw: Dart              ||     4
Armor: Robe              ||     3
Dodge: Dodged            ||    19
Block: Buckler           ||     4
